 Dungeon Crawl Stone Soup version 0.27-a0-906-g0a00ce8 (webtiles) character file.

Game seed: 5511999946599332114

165 Nithhogg the Skirmisher (level 5, -2/41 HPs)
             Began as a Demonspawn Fighter on Apr 7, 2021.
             Killed by divine providence
             ... invoked by an orc priest
              (12 damage)
             ... on level 4 of the Dungeon.
             The game lasted 00:06:00 (3390 turns).

Nithhogg the Skirmisher (Demonspawn Fighter)        Turns: 3390, Time: 00:06:00

Health: -2/41      AC:  6    Str: 18    XL:     5   Next: 22%
Magic:  6/6        EV:  7    Int:  9    God:
Gold:   151        SH:  0    Dex: 12    Spells: 4/4 levels left

rFire    . . .     SeeInvis .   m - +1 dagger (vamp)
rCold    . . .     Faith    .   c - +0 kite shield
rNeg     . . .     Spirit   .   b - +0 scale mail
rPois    .         Reflect  .   (no helmet)
rElec    .         Harm     .   (no cloak)
rCorr    .         Rampage  .   (no gloves)
Will     .....                  (no boots)
Stlth    ..........             (no amulet)
HPRegen  0.13/turn              (no ring)
MPRegen  0.10/turn              (no ring)

@: confused
A: ignite blood 2
a: no special abilities


You were on level 4 of the Dungeon.
You visited 1 branch of the dungeon, and saw 4 of its levels.

You collected 151 gold pieces.

Inventory:

Hand Weapons
 a - a +0 long sword
 d - a +0 falchion
 m - a +1 vampiric dagger (weapon)
Missiles
 o - 18 poisoned darts (quivered)
Armour
 b - a +0 scale mail (worn)
 c - a +0 kite shield (worn)
Jewellery
 e - a +6 ring of strength
 h - a ring of resist corrosion
Wands
 p - a wand of paralysis (11)
Scrolls
 f - a scroll of magic mapping {unknown}
 g - a scroll of fog {unknown}
 i - 3 scrolls of noise {unknown}
 k - a scroll of identify {unknown}
 l - a scroll of blinking {unknown}
 n - a scroll of immolation {unknown}
 r - a scroll of vulnerability {unknown}
Potions
 j - 3 potions of lignification
 q - a potion of curing


   Skills:
 + Level 3.6 Fighting
 + Level 2.5 Long Blades
 + Level 3.3 Armour
 + Level 1.5 Dodging
 + Level 3.2 Shields
 + Level 2.5 Invocations


You had 4 spell levels left.
You didn't know any spells.
Your spell library contained the following spells:

 Spells                   Type           Power      Damage    Failure   Level
 Magic Dart               Conj           0%         1d3       99%         1
 Blink                    Tloc           N/A        N/A       100%        2
 Call Imp                 Summ           0%         N/A       100%        2
 Slow                     Hex            0%         N/A       100%        2
 Conjure Flame            Conj/Fire      0%         6-21      100%        3
 Mephitic Cloud           Conj/Pois/Air  0%         N/A       100%        3


Dungeon Overview and Level Annotations

Branches:
Dungeon (4/15)
 Temple: D:4-7

Altars:


Innate Abilities, Weirdness & Mutations

Your demonic aura often causes spilled blood to erupt in flames


Message History

Done waiting.
There is a stone staircase leading down here.
You climb downwards.
The orc wizard points at you and mumbles some strange words.
You block the puff of flame.
There is a stone staircase leading up here.
You hit the orc priest but do no damage.
The orc wizard gestures at you while chanting.
You are confused.
The orc priest barely misses you. The orc wizard casts a spell at you.
The magic dart hits you!
You are too confused!
You are too confused!
You are too confused!
You are too confused!
You are too confused!
You are too confused!
You are too confused!
You are too confused!
You are too confused!
You are too confused!
You are too confused!
You are too confused!
You are too confused!
You are too confused!
You are too confused!
You are too confused!
Unknown command.
The orc priest hits you with a +0 whip. The orc priest hits you with a +0 whip.
You closely miss the orc priest. The orc priest barely misses you.
The orc priest mumbles some strange prayers to Beogh against you.
Beogh smites you!
* * * LOW HITPOINT WARNING * * *
The orc wizard hits you with a +0 dagger.
* * * LOW HITPOINT WARNING * * *
The orc priest invokes the aid of Beogh against you.
Beogh smites you!
You die...

.........
......... ...
#......# .#.#
##......######....
.................#
.......<..........
..................
.......o.☼........
.........o@.......
..................
..................
##.##...###..##...
#. ##### ..# .. .
.... . ..... .....


You could see an orc priest and an orc wizard.

Vanquished Creatures
  Crazy Yiuf (D:3)
  An iguana (D:3)
  An orc wizard (D:3)
  2 adders
  A worm (D:2)
  A dart slug (D:3)
  9 orcs (D:3)
  4 ball pythons (D:3)
  6 bats
  An endoplasm (D:2)
  3 giant cockroaches (D:3)
  4 goblins
  7 hobgoblins
  A quokka (D:3)
  2 frilled lizards
  4 kobolds
  4 rats
52 creatures vanquished.

Notes
Turn   | Place    | Note
-------+----------+-------------------------------------------
     0 | D:1      | Nithhogg the Demonspawn Fighter began the quest for the
                  | Orb.
     0 | D:1      | Reached XP level 1. HP: 18/18 MP: 1/1
   481 | D:1      | Gained mutation: Your demonic aura sometimes causes spilled
                  | blood to erupt in flames [demonic ancestry]
   481 | D:1      | Reached XP level 2. HP: 22/24 MP: 2/2
  1048 | D:2      | Reached skill level 1 in Invocations
  1235 | D:2      | Reached XP level 3. HP: 26/29 MP: 3/3
  1700 | D:3      | Reached skill level 1 in Dodging
  1718 | D:3      | Gained mutation: Your demonic aura often causes spilled
                  | blood to erupt in flames [demonic ancestry]
  1718 | D:3      | Reached XP level 4. HP: 25/35 MP: 5/5
  2409 | D:3      | Found a runed translucent door.
  2410 | D:3      | Noticed Crazy Yiuf
  2422 | D:3      | Killed Crazy Yiuf
  2832 | D:3      | Reached XP level 5. HP: 41/41 MP: 6/6
  3390 | D:4      | Killed from afar by an orc priest

Illustrated notes

Levels and vault maps discovered:
D:1:      sevenhm_arrival_forest_fort_large_4, layout_basic
D:2:      layout_basic
D:3:      layout_rooms, minmay_fractal_squares_diagonal_5,
          uniq_crazy_yiuf_cottage
D:4:      minmay_razor_zed, layout_gridville, lemuel_crystal_altar,
          minmay_misc_feat_four_crosses, hangedman_decor_riveting, uniq_sigmund,
          uniq_natasha

Skill      XL: |  1  2  3  4 |
---------------+-------------+-----
Invocations    | 1 2 |  2.5
Long Blades    | 2 |  2.5
Armour         | 3 |  3.3
Dodging        | 1 |  1.5
Shields        | 3 |  3.2
Fighting       | |  3.6

Action                   |  1- 3 |  4- 6 || total
-------------------------+-------+-------++-------
Melee: Long sword        |    38 |       ||    38
       Dagger            |    78 |   139 ||   217
Throw: Dart              |       |     6 ||     6
  Use: Potion            |     2 |     1 ||     3
Armor: Scale mail        |    51 |    48 ||    99
       Skin              |     3 |    10 ||    13
Dodge: Dodged            |    22 |    31 ||    53
Block: Kite shield       |    54 |    68 ||   122
       Rpst.: Long sword |     3 |       ||     3

Table legend: (Time is in decaauts)
 A = Elapsed time spent in this place.
 B = Non-inter-level travel time spent in this place.
 C = Inter-level travel time spent in this place.
 D = Time resting spent in this place.
 E = Time spent auto-exploring this place.
 F = Levels seen in this place.
 G = Mean time per level.
                   A        B        C        D        E       F      G
               +--------+--------+--------+--------+--------+-----+--------+
         Total |   3454 |   3378 |     76 |    202 |   2624 |   4 |  863.5 |
       Dungeon |   3454 |   3378 |     76 |    202 |   2624 |   4 |  863.5 |
               +--------+--------+--------+--------+--------+-----+--------+

Top non-repeatable levels by time:
     D:3: 1496 daAuts
     D:2: 1061 daAuts
     D:1: 884 daAuts
     D:4: 11 daAuts
